 Dungeon Crawl Stone Soup version 0.27-a0-1137-g3ef0f4ec91 (webtiles) character file.

Game seed: 1219688348881324700

408 Mesmaeker13 the Caller (level 6, -2/41 HPs)
             Began as a Demonspawn Summoner on May 6, 2021.
             Slain by an iguana (12 damage)
             ... on level 5 of the Dungeon.
             The game lasted 00:08:21 (7235 turns).

Mesmaeker13 the Caller (Demonspawn Summoner)        Turns: 7235, Time: 00:08:21

Health: -2/41      AC:  9    Str:  8    XL:     6   Next: 57%
Magic:  3/12       EV: 13    Int: 19    God:
Gold:   342        SH:  0    Dex: 13    Spells: 7/13 levels left

rFire    . . .     SeeInvis .   g - +1 trident
rCold    . . .     Faith    .   (no shield)
rNeg     . . .     Spirit   .   a - +0 robe
rPois    .         Reflect  .   (no helmet)
rElec    .         Harm     .   v - scarf {+Inv}
rCorr    .         Rampage  .   t - +0 pair of gloves
Will     .....                  (no boots)
Stlth    ++........             (no amulet)
HPRegen  0.13/turn              s - +4 ring of protection
MPRegen  0.13/turn              (no ring)

@: no status effects
A: talons 2, thin metallic scales 1
a: Evoke Invisibility


You were on level 5 of the Dungeon.
You visited 2 branches of the dungeon, and saw 6 of its levels.

You collected 342 gold pieces.

Inventory:

Hand Weapons
 g - a +1 trident (weapon)
 k - a +0 whip of flaming
Armour
 a - a +0 robe (worn)
 t - a +0 pair of gloves (worn)
 v - a scarf of invisibility (worn)
Jewellery
 s - a +4 ring of protection (left hand)
Wands
 p - a wand of flame (18)
Scrolls
 b - a scroll of enchant weapon
 d - 2 scrolls of immolation
 e - 2 scrolls of summoning
 f - a scroll of acquirement {unknown}
 h - 2 scrolls of vulnerability
 i - a scroll of silence {unknown}
 j - a scroll of noise {unknown}
 l - 2 scrolls of identify {unknown}
 n - 2 scrolls of amnesia {unknown}
 r - a scroll of magic mapping {unknown}
 u - a scroll of teleportation {unknown}
Potions
 c - 6 potions of curing {unknown}
 m - a potion of mutation {unknown}
 o - a potion of cancellation {unknown}
 q - a potion of might {unknown}


   Skills:
 + Level 4.0 Dodging
 - Level 1.7 Stealth
 + Level 4.0 Spellcasting
 + Level 5.6 Summonings


You had 7 spell levels left.
You knew the following spells:

 Your Spells              Type           Power      Damage    Failure   Level
a - Summon Small Mammal   Summ           100%       N/A       1%          1
b - Call Imp              Summ           25%        N/A       1%          2
c - Call Canine Familiar  Summ           25%        N/A       4%          3

Your spell library contained the following spells:

 Spells                   Type           Power      Damage    Failure   Level
 Summon Guardian Golem    Hex/Summ       14%        N/A       13%         3
 Sandblast                Erth           6%         2d5       14%         1
 Passwall                 Tmut/Erth      2%         N/A       21%         2
 Stone Arrow              Conj/Erth      6%         3d7       38%         3
 Summon Ice Beast         Ice/Summ       14%        N/A       38%         4
 Summon Lightning Spire   Summ/Air       14%        N/A       38%         4
 Petrify                  Tmut/Erth      3%         N/A       80%         4
 Lee's Rapid Deconstruct  Erth           1%         3d5*      98%         5


Dungeon Overview and Level Annotations

Branches:
Dungeon (5/15)             Temple (1/1) D:4

Altars:
Ashenzari
Dithmenos
Elyvilon
Gozag
Hepliaklqana
Kikubaaqudgha
Qazlal
Xom
Zin

Shops:
D:4 **


Innate Abilities, Weirdness & Mutations

You have razor-sharp toenails.
You are partially covered in thin metallic scales. (AC +2)


Message History

Confirm with . or Enter, or press ? or * to list all spells.
A shadowy apparition takes form in the air.
The iguana hisses angrily.
You swap places.
The iguana bites your shadow imp!
Your shadow imp dies!
You reach to attack!
You hit the iguana but do no damage. The iguana barely misses you.
You hit the iguana but do no damage. You claw the iguana, but do no damage.
The iguana bites you!
Casting: Call Imp (safe; 1% risk of failure)
Confirm with . or Enter, or press ? or * to list all spells.
A beastly little devil appears in a puff of flame.
The iguana bites you! The iguana barely misses you.
Your crimson imp closely misses the iguana.
Casting: Call Imp (safe; 1% risk of failure)
Confirm with . or Enter, or press ? or * to list all spells.
You miscast Call Imp.
You are very lightly contaminated with residual magic.
Nothing appears to happen.
The iguana bites you but does no damage.
Your crimson imp completely misses the iguana.
Casting: Call Imp (safe; 1% risk of failure)
Confirm with . or Enter, or press ? or * to list all spells.
A metallic apparition takes form in the air.
The iguana misses you.
Your crimson imp hits the iguana but does no damage.
The iguana barely misses you.
Your crimson imp blinks!
Your iron imp hits the iguana!
Casting: Call Imp (safe; 1% risk of failure)
Confirm with . or Enter, or press ? or * to list all spells.
The iguana bites you!
* * * LOW HITPOINT WARNING * * *
Your hound bites the iguana.
Your magical contamination has completely faded away.
You hit the iguana but do no damage. Your kick misses the iguana.
The iguana is severely wounded.
The iguana bites you!
You die...

### ..# ##### #.# ###### #....
####.# #....# ####.### ...#.#
#.##.#.##...###
##.#.##############.##.#.##.#....
................@l.5...5.........
##.#.##############h##.###..#)###
.............# #.#.......#.###
#..##..#####.# #.#####...#....
##..##.....#.# #.# # .[#....
#..###.##.#.######.## #...#.###
##.# #..............####...#.# ##
#.##.#.#..........#[..#.#
##..#.#.#.####..##.#...#.#


You could see an iguana (ally target), a friendly hound (summoned), a friendly
iron imp (summoned) and a friendly crimson imp (summoned).

Vanquished Creatures
  A hound (D:4)
  2 hound skeletons (D:5)
  5 gnolls
  2 adders
  A worm (D:2)
  An orc (D:4)
  7 endoplasms
  3 giant cockroaches
  5 goblins
  4 hobgoblins
  4 jackals
  4 quokkas
  5 ball pythons
  8 bats
  5 frilled lizards
  5 kobolds
  3 rats
65 creatures vanquished.

Vanquished Creatures (collateral kills)
  A black bear (D:4)
  2 ogres (D:5)
  A gnoll sergeant (D:5)
  A hound (D:4)
  3 gnolls
  4 adders
  3 orcs
  4 ball pythons
  A bat (D:2)
  3 endoplasms
  2 giant cockroaches
  3 goblins
  A hobgoblin (D:1)
  A jackal (D:1)
  A quokka (D:1)
  A kobold (D:4)
  2 rats
34 creatures vanquished.

Grand Total: 99 creatures vanquished

Notes
Turn   | Place    | Note
-------+----------+-------------------------------------------
     0 | D:1      | Mesmaeker13 the Demonspawn Summoner began the quest for the
                  | Orb.
     0 | D:1      | Reached XP level 1. HP: 13/13 MP: 3/3
   622 | D:1      | Found a faded altar of an unknown god.
   857 | D:1      | Gained mutation: You have sharp toenails. [demonic
                  | ancestry]
   857 | D:1      | Reached XP level 2. HP: 19/19 MP: 5/5
  1514 | D:2      | Learned a level 2 spell: Call Imp
  1675 | D:2      | Reached XP level 3. HP: 2/24 MP: 0/6
  3359 | D:2      | Reached XP level 4. HP: 30/30 MP: 8/8
  4638 | D:4      | Found Josoto's General Store.
  4661 | D:4      | Learned a level 3 spell: Call Canine Familiar
  5090 | D:4      | Gained mutation: You have razor-sharp toenails. [demonic
                  | ancestry]
  5090 | D:4      | Reached XP level 5. HP: 28/35 MP: 1/9
  5163 | D:4      | Found Aziv's General Store.
  5291 | D:4      | Found a staircase to the Ecumenical Temple.
  5587 | D:4      | Reached skill level 5 in Summonings
  5795 | Temple   | Entered the Ecumenical Temple
  5965 | D:5      | Entered Level 5 of the Dungeon
  6498 | D:5      | Noticed an ogre
  6512 | D:5      | Killed an ogre
  6517 | D:5      | Noticed an ogre
  6613 | D:5      | Noticed an ogre
  6615 | D:5      | Noticed a black bear
  6639 | D:4      | Killed a black bear
  6640 | D:4      | Gained mutation: You are partially covered in thin metallic
                  | scales. (AC +2) [demonic ancestry]
  6640 | D:4      | Reached XP level 6. HP: 31/41 MP: 2/11
  7235 | D:5      | Slain by an iguana

Illustrated notes

Levels and vault maps discovered:
D:1:      dpeg_arrival_rooms_b, layout_basic, hellmonk_ecumenical_altar_blasted,
          wander_ebering_terrifying_dragon_lair
D:2:      layout_basic
D:3:      layout_basic, st_stairs_6, minmay_misc_feat_ornament
D:4:      layout_gridville, minmay_temple_entry_fiery, serial_shops,
          shop_fountains, shop
D:5:      minmay_diamond_boxcup, layout_basic, gammafunk_temple_overflow_claw,
          hangedman_decor_riveting
Temple:   nicolae_temple_figure_zero

Skill      XL: |  1  2  3  4  5  6 |
---------------+-------------------+-----
Dodging        | 2 3 4 |  4.0
Spellcasting   | 3 4 |  4.0
Summonings     | 5 |  5.6
Stealth        | |  1.7

Action                   |  1- 3 |  4- 6 || total
-------------------------+-------+-------++-------
Melee: Unarmed           |    23 |       ||    23
       Trident           |    67 |   119 ||   186
       Kick              |     7 |    16 ||    23
 Cast: Summon Small Mamm |    15 |     1 ||    16
       Call Imp          |    12 |    35 ||    47
       Call Canine Famil |       |     8 ||     8
Evoke: Wand              |       |     2 ||     2
  Use: Scroll            |     3 |       ||     3
 Stab: Sleeping          |     8 |     5 ||    13
       Distracted        |       |     4 ||     4
Armor: Robe              |    21 |    30 ||    51
Dodge: Dodged            |    63 |    82 ||   145

Table legend: (Time is in decaauts)
 A = Elapsed time spent in this place.
 B = Non-inter-level travel time spent in this place.
 C = Inter-level travel time spent in this place.
 D = Time resting spent in this place.
 E = Time spent auto-exploring this place.
 F = Levels seen in this place.
 G = Mean time per level.
                   A        B        C        D        E       F      G
               +--------+--------+--------+--------+--------+-----+--------+
         Total |   7300 |   7074 |    226 |   1774 |   4228 |   6 | 1216.7 |
       Dungeon |   7153 |   6935 |    218 |   1774 |   4115 |   5 | 1430.6 |
        Temple |    146 |    138 |      8 |      0 |    113 |   1 |  146.0 |
               +--------+--------+--------+--------+--------+-----+--------+

Top non-repeatable levels by time:
     D:2: 1846 daAuts
     D:1: 1716 daAuts
     D:4: 1574 daAuts
     D:3: 1084 daAuts
     D:5: 931 daAuts
  Temple: 146 daAuts
